 Dungeon Crawl Stone Soup version 0.21-a0-518-g43a1781 (webtiles) character file.

74 Omnishambles the Skirmisher (level 4, -2/42 HPs)
             Began as a Naga Fighter on Dec 4, 2017.
             Was a Follower of Trog.
             Slain by an orc
             ... wielding a +0 flail
              (10 damage)
             ... while paralysed
             ... on level 3 of the Dungeon.
             The game lasted 00:02:30 (1817 turns).

Omnishambles the Skirmisher (Naga Fighter)          Turns: 1817, Time: 00:02:31

Health: -2/42      AC:  4    Str: 23    XL:     4   Next: 30%
Magic:  4/4        EV:  1    Int:  8    God:    Trog [*.....]
Gold:   126        SH:  0    Dex: 12    Spells: 3/3 levels left

rFire    + . .     SeeInvis +   a - +0 long sword
rCold    + . .     Gourm    .   c - +0 shield
rNeg     . . .     Faith    .   b - +0 scale mail
rPois    +         Spirit   .   (no helmet)
rElec    .         Reflect  .   j - scarf {rC+ rF+}
rCorr    .         Harm     .   (no gloves)
MR       .....                  (no barding)
Stlth    ..........             (no amulet)
HPRegen  0.14/turn              i - +2 ring of dexterity
MPRegen  0.09/turn              p - +3 ring of strength

@: paralysed, berserk cooldown, slowed, very slow
A: large, see invisible, deformed body, poison resistance, slowness 2, slow
metabolism 1, spit poison 1, AC +1
a: Spit Poison, Berserk, Burn Spellbooks, Renounce Religion


You were on level 3 of the Dungeon.
You worshipped Trog.
Trog was aware of your devotion.
You were near starving.

You visited 1 branch of the dungeon, and saw 3 of its levels.

You collected 126 gold pieces.

Inventory:

Hand Weapons
 a - a +0 long sword (weapon)
Missiles
 h - 2 javelins (quivered)
Armour
 b - a +0 scale mail (worn)
 c - a +0 shield (worn)
 j - a scarf of resistance (worn)
 t - a +0 pair of gloves
 y - a +2 large shield of positive energy
Jewellery
 i - a +2 ring of dexterity (left hand)
 p - a +3 ring of strength (right hand)
Scrolls
 e - a scroll of amnesia
 k - a scroll of enchant weapon {unknown}
 n - 2 scrolls of teleportation {unknown}
 r - a scroll of identify {unknown}
 v - a scroll of remove curse {unknown}
Potions
 d - a potion of might
 o - 2 potions of lignification {unknown}
 q - 2 potions of resistance {unknown}
 s - 2 potions of curing {unknown}
 u - 2 potions of flight {unknown}
 w - a potion of ambrosia {unknown}
 x - a potion of cancellation {unknown}
Comestibles
 f - 2 bread rations
 g - a royal jelly
 l - a meat ration


   Skills:
 + Level 3.5 Fighting
 * Level 3.4 Long Blades
 - Level 2.4 Armour
 + Level 2.9 Shields


You had 3 spell levels left.
You didn't know any spells.

Dungeon Overview and Level Annotations

Branches:
Dungeon (3/15)

Altars:
Trog


Innate Abilities, Weirdness & Mutations

You cannot wear boots.
Your serpentine skin is tough. (AC +1)
You have supernaturally acute eyesight. (SInv)
Armour fits poorly on your strangely shaped body.
Your system is resistant to poisons. (rPois)
You cover ground very slowly.
You have a slow metabolism.
You can spit poison.


Message History

Ijyb is almost dead.
The orc wizard hits you but does no damage.
You hit Ijyb.
You kill Ijyb!
Trog accepts your kill.
You have reached level 4!
You feel stronger. You block the orc's attack.
The orc wizard casts a spell at you. The magic dart hits you!
* * * LOW HITPOINT WARNING * * *
Unknown command.
The orc wizard begins to cast a cantrip, but forgets the words!
There is a stone staircase leading up here.
You feel a strong urge to attack something.
You are no longer berserk.
You pass out from exhaustion.
You feel yourself slow down. The orc hits you but does no damage.
The orc hits you with a flail!
You die...

#. ? .#
.###
...####..
#......
#...###.!
#@o.....#
#oo.....#
#oo#..##..
.......>#
#.##..#...#
# .........
##..# .....
..## .....
.. ###


You could see an orc wizard and 4 orcs.

Vanquished Creatures
  Ijyb (D:3)
  An adder (D:2)
  A dart slug (D:1)
  A giant cockroach (D:1)
  6 goblins
  7 hobgoblins
  2 jackals (D:2)
  6 kobolds
  2 quokkas (D:2)
  A bat (D:1)
  3 frilled lizards
  8 rats
39 creatures vanquished.

Notes
Turn   | Place    | Note
-------+----------+-------------------------------------------
     0 | D:1      | Omnishambles the Naga Fighter began the quest for the Orb.
     0 | D:1      | Reached XP level 1. HP: 21/21 MP: 1/1
   208 | D:1      | Reached XP level 2. HP: 28/28 MP: 2/2
   583 | D:1      | Reached XP level 3. HP: 34/34 MP: 3/3
  1775 | D:2      | Found a faded altar of an unknown god.
  1780 | D:2      | Became a worshipper of Trog the Wrathful
  1780 | D:2      | Reached * piety under Trog
  1801 | D:3      | Noticed Ijyb
  1815 | D:3      | Killed Ijyb
  1815 | D:3      | Reached XP level 4. HP: 15/42 MP: 4/4
  1817 | D:3      | Slain by an orc

Vault maps used:
D:1:      dpeg_arrival_refuge
D:2:      kennysheep_big_flooded_room, chequers_ecumenical_altar_lobes
D:3:      lemuel_coloured_pillars_altar, minivault_4, minmay_liquid_box,
          nemelex_dance_club_becter, uniq_ijyb

Skill      XL: |  1  2  3 |
---------------+----------+-----
Long Blades    | 3 |  3.4
Fighting       | |  3.5
Armour         | |  2.4
Shields        | |  2.9

Action                   |  1- 3 |  4- 6 || total
-------------------------+-------+-------++-------
Melee: Long sword        |   113 |       ||   113
Invok: Berserk           |     1 |       ||     1
 Abil: Spit Poison       |     6 |       ||     6
  Use: Scroll            |     1 |       ||     1
  Eat: Chunk             |     2 |       ||     2
Armor: Scale mail        |    52 |     1 ||    53
Dodge: Dodged            |    19 |       ||    19
Block: Shield            |    56 |     1 ||    57
       Rpst.: Long sword |     6 |       ||     6

Table legend:
 A = Spawn XP
 B = Non-spawn XP
 C = Spawn XP percentage of total XP
 D = Spawn monster count
 E = Non-spawn monster count
 F = Spawn count percentage of total count
 G = Total turns spent on level
                    A         B        C        D         E        F      G
               +---------+---------+-------+---------+---------+-------+---------
         Total |       0 |     107 |   0.0 |       0 |      39 |   0.0 |  1817
               +---------+---------+-------+---------+---------+-------+---------
           D:1 |       0 |      35 |   0.0 |       0 |      21 |   0.0 |   866
           D:2 |       0 |      36 |   0.0 |       0 |      16 |   0.0 |   935
           D:3 |       0 |      36 |   0.0 |       0 |       2 |   0.0 |    16
               +---------+---------+-------+---------+---------+-------+---------
